Chad aussie vs virgin gren40

Match 21183881
End
Kettenkrad Recon Vehicle
Construct Infanterie Kompanie
Selects Breakthrough Battlegroup
Selects Assault Grenadiers
Grenadier Squad
Grenadier Squad
Grenadier Squad
MG 42 Machine Gun Team
Infanterie Officer Quarters
Construct Luftwaffe Kompanie
Support Elements
Selects Rapid Production
Wirbelwind Flakpanzer
Flak 30 Anti-aircraft Gun Team
Marder III M Tank Destroyer
Wirbelwind Flakpanzer
Selects Blitzkrieg
Blitzkrieg
Wirbelwind Flakpanzer
Selects Smoke Bombing Run
Selects Incendiary Bombing Run
Incendiary Bombing Run
Wirbelwind Flakpanzer
Incendiary Bombing Run
Marder III M Tank Destroyer
Marder III M Tank Destroyer
MG 42 Machine Gun Team
Jäger Squad
Reakly
oziligath
0
0

Comments sign in to comment!

No comments posted yet!